 Dungeon Crawl Stone Soup version 0.19.1 (webtiles) character file.

95 Ijustatesigmund the Chopper (level 4, -2/42 HPs)
             Began as a Minotaur Monk on Nov 25, 2016.
             Slain by a gnoll
             ... wielding a +0 spear
              (5 damage)
             ... on level 2 of the Dungeon.
             The game lasted 00:04:56 (1561 turns).

Ijustatesigmund the Chopper (Minotaur Monk)         Turns: 1561, Time: 00:04:57

Health: -2/42      AC:  7    Str: 20    XL:     4   Next: 40%
Magic:  0/3        EV: 17    Int:  7    God:
Gold:   72         SH:  0    Dex: 14    Spells: 0 memorised, 3 levels left

rFire  + . .     SeeInvis .     a - +1 hand axe
rCold  . . .     Gourm    .     o - +1 robe {rF+}
rNeg   . . .     Faith    .     (no shield)
rPois  .         Spirit   +     (helmet restricted)
rElec  .         Reflect  .     s - +0 cloak
rCorr  .         Harm     .     e - +2 pair of gloves
MR     .....                    (no boots)
Stlth  ++........               i - amulet of guardian spirit
                                l - ring of flight
                                j - +4 ring of evasion

@: mighty
A: retaliatory headbutt, horns 2
a: Evoke Flight


You were on level 2 of the Dungeon.
You were very hungry.

You visited 1 branch of the dungeon, and saw 3 of its levels.

You collected 72 gold pieces.

Inventory:

Hand Weapons
 a - a +1 hand axe (weapon)
Armour
 e - a +2 pair of gloves (worn)
 o - a +1 robe of fire resistance (worn)
 s - a +0 cloak (worn)
Jewellery
 i - an amulet of guardian spirit (around neck)
 j - a +4 ring of evasion (left hand)
 l - a ring of flight (right hand)
Wands
 p - a wand of random effects (40/48)
Scrolls
 k - a scroll of enchant weapon
 n - 2 scrolls of identify
Potions
 b - a potion of heal wounds {unknown}
 d - a potion of brilliance
 f - a potion of curing
 g - a potion of ambrosia {unknown}
 m - a potion of degeneration {unknown}
 q - a potion of agility {unknown}
Comestibles
 c - 2 bread rations
 r - 2 meat rations


   Skills:
 + Level 5.0 Fighting
 + Level 5.2 Axes
 - Level 3.2 Dodging
 - Level 1.5 Stealth


You had 3 spell levels left.
You didn't know any spells.

Dungeon Overview and Level Annotations

Branches:
Dungeon (3/15)

Altars:
Hepliaklqana

Annotations:
D:3 Nicoed's ghost, amateur DrFi


Innate Abilities, Weirdness & Mutations

You reflexively headbutt those who attack you in melee.
You have a pair of horns on your head.


Message History

You completely miss Nicoed's ghost. The gnoll hits you but does no damage.
Nicoed's ghost hits you.
* * * LOW HITPOINT WARNING * * *
The gnoll barely misses you.
There is a stone staircase leading up here.
Things that are here:
a club; a ball python corpse The gnoll hits you with a spear.
* * * LOW HITPOINT WARNING * * *
Nicoed's ghost completely misses you.
You climb upwards.
There is a stone staircase leading down here.
You slash the gnoll!
The gnoll is heavily wounded.
The gnoll hits you with a spear.
* * * LOW HITPOINT WARNING * * *
You closely miss the gnoll.
The gnoll is heavily wounded.
The gnoll hits you with a spear.
You die...

#.#.# #.#.# #.#.# #.#.#
########### #.#.# #.........#
####.#.# #.#######.# #....#.# #.#
#.# ##♣# ###.####.#######.# #.#
###P≈♣ .....#.........#@# #.#
#.≈≈P≈ ######.#.......#g#
#.###.≈≈P≈
#....#.#########.#######....♣♣PP≈
#'##.#...........##......(..♣P≈≈≈
.....##############.........♣≈≈≈≈
..............#####.........P≈≈≈≈
....#............##...)....♣P≈≈≈P
#..##....).......##.......♣P≈≈≈≈≈
...##.......(....##.......♣P≈≈≈≈≈


You could see a gnoll.

Vanquished Creatures
  Crazy Yiuf (D:2)
  4 adders (D:2)
  2 leopard geckos (D:2)
  3 ball pythons
  A goblin (D:3)
  4 hobgoblins
  3 kobolds
  A quokka (D:2)
  6 bats
  4 frilled lizards
  5 rats
34 creatures vanquished.

Notes
Turn   | Place    | Note
-------+----------+-------------------------------------------
     0 | D:1      | Ijustatesigmund the Minotaur Monk began the quest for the Orb.
     0 | D:1      | Reached XP level 1. HP: 19/19 MP: 0/0
     3 | D:1      | Noticed an electric eel
     3 | D:1      | Noticed an electric eel
   466 | D:1      | Reached XP level 2. HP: 25/27 MP: 1/1
  1072 | D:2      | Reached XP level 3. HP: 33/33 MP: 2/2
  1075 | D:2      | Found a hazy altar of Hepliaklqana.
  1293 | D:2      | Reached skill level 5 in Axes
  1342 | D:2      | Found a runed door.
  1347 | D:2      | Noticed Crazy Yiuf
  1350 | D:2      | Killed Crazy Yiuf
  1350 | D:2      | Reached skill level 5 in Fighting
  1350 | D:2      | Reached XP level 4. HP: 31/42 MP: 1/3
  1542 | D:3      | Noticed Nicoed's ghost (amateur DrFi)
  1561 | D:2      | Slain by a gnoll

Skill      XL: |  1  2  3 |
---------------+----------+-----
Axes           | 4 5 |  5.2
Fighting       | 4 5 |  5.0
Dodging        | |  3.2
Stealth        | |  1.5

Action                   |  1- 3 |  4- 6 || total
-------------------------+-------+-------++-------
Melee: Hand axe          |    68 |    16 ||    84
       Headbutt          |    10 |     3 ||    13
  Use: Scroll            |     7 |       ||     7
       Potion            |     1 |     2 ||     3
 Stab: Sleeping          |     4 |     1 ||     5
  Eat: Chunk             |     1 |       ||     1
Armor: Robe              |    16 |     8 ||    24
Dodge: Dodged            |    56 |    17 ||    73
